[Event "32nd GER-ch Seniors-65 2020"]
[Site "Magdeburg"]
[Date "2020.08.14"]
[Round "1.1"]
[White "Bondick, Karl-Heinz"]
[Black "Boidman, Yuri"]
[Result "1/2-1/2"]
[ECO "D00"]
[WhiteElo "1902"]
[BlackElo "2328"]
[Annotator "ChessBase"]
[PlyCount "88"]
[EventDate "2020.08.14"]
[EventType "swiss"]
[EventCountry "GER"]
[SourceTitle "playchess.com"]
[Source "ChessBase"]
[SourceQuality "1"]
[TimeControl "40/5400+30:1800+30"]

1. d4 d5 2. e4 dxe4 3. Nc3 Nf6 4. f3 exf3 5. Nxf3 e6 6. Bg5 Be7 7. Bd3 Nbd7 8. Qe2 O-O 9. O-O-O Nd5 10. Bd2 Nxc3 11. Bxc3 Nf6 12. Bd2 b6 13. g4 Bb7 14. Rhg1 Qd5 15. Ne5 Qxa2 16. c3 g6 17. Rdf1 c5 18. dxc5 bxc5 19. Bh6 c4 20. Bb1 Qa1 21. Rxf6 Bxf6 22. Nd7 Bg7 23. Bxg7 Rfd8 24. Bh6 Rxd7 25. Qe5 f6 26. Qxe6+ Rf7 27. Rd1 Qa6 28. Rd6 Qb5 29. Ba2 Re8 30. Qxc4 Qxc4 31. Bxc4 Bc8 32. Rxf6 Ree7 33. Rxf7 Rxf7 34. h3 Bb7 35. Be3 Kg7 36. Bxf7 Kxf7 37. Bxa7 g5 38. Kd2 Bg2 39. Ke3 Bxh3 40. Kf3 Bf1 41. b3 Bd3 42. Bd4 Bc2 43. b4 Bd1+ 44. Kg3 Be2 1/2-1/2

[Event "32nd GER-ch Seniors-65 2020"]
[Site "Magdeburg"]
[Date "2020.08.14"]
[Round "1.3"]
[White "Meinke, Dietlind"]
[Black "Buchal, Stephan"]
[Result "0-1"]
[ECO "B06"]
[WhiteElo "1888"]
[BlackElo "2280"]
[Annotator "ChessBase"]
[PlyCount "43"]
[EventDate "2020.08.14"]
[EventType "swiss"]
[EventCountry "GER"]
[SourceTitle "playchess.com"]
[Source "ChessBase"]
[SourceQuality "1"]
[TimeControl "40/5400+30:1800+30"]

1. e4 g6 2. Nc3 Bg7 3. Bc4 c5 4. f4 Nc6 5. d3 e6 6. Nf3 Nge7 7. Bb3 d5 8. O-O O-O 9. Qe1 Na5 10. exd5 Nxb3 11. axb3 Nxd5 12. Nxd5 Qxd5 13. Qe4 b6 14. Re1 Bb7 15. Qxd5 Bxd5 16. Kf2 Rfd8 17. Rb1 a5 18. Bd2 a4 19. c4 Bxf3 20. Kxf3 Rxd3+ 21. Ke2 Rxb3 22. Bc3 0-1

[Event "32nd GER-ch Seniors-65 2020"]
[Site "Magdeburg"]
[Date "2020.08.14"]
[Round "1.6"]
[White "Kierzek, Matthias"]
[Black "Schubert, Hans Joachim"]
[Result "1-0"]
[ECO "A80"]
[WhiteElo "2228"]
[BlackElo "2064"]
[Annotator "ChessBase"]
[PlyCount "76"]
[EventDate "2020.08.14"]
[EventType "swiss"]
[EventCountry "GER"]
[SourceTitle "playchess.com"]
[Source "ChessBase"]
[SourceQuality "1"]
[TimeControl "40/5400+30:1800+30"]

1. d4 f5 2. Bg5 c5 3. dxc5 Qa5+ 4. Nc3 Qxc5 5. Nf3 Nc6 6. e4 fxe4 7. Nxe4 Qb4+ 8. Ned2 Qxb2 9. Bd3 Nb4 10. O-O Nxd3 11. cxd3 Nf6 12. Nc4 Qc3 13. Re1 e6 14. a3 b5 15. Rc1 Qxe1+ 16. Nxe1 bxc4 17. Bxf6 gxf6 18. Qh5+ Ke7 19. dxc4 Bb7 20. Nd3 Rc8 21. g3 Be4 22. Nf4 e5 23. Ng2 Rg8 24. Ne3 Rg5 25. Qd1 Bc6 26. h4 Rg8 27. Qh5 Be4 28. Nf5+ Ke6 29. Qxh7 Bxa3 30. Nd4+ Kd6 31. Nb5+ Ke6 32. Qxe4 Bxc1 33. Qd5+ Ke7 34. Nd6 Rcf8 35. Nf5+ Ke8 36. Qd6 Kf7 37. h5 Rg5 38. Qe7+ Kg8 1-0

[Event "32nd GER-ch Seniors-65 2020"]
[Site "Magdeburg"]
[Date "2020.08.14"]
[Round "1.7"]
[White "Krotofil, Kurt"]
[Black "Syre, Christian"]
[Result "0-1"]
[ECO "A58"]
[WhiteElo "1880"]
[BlackElo "2222"]
[Annotator "ChessBase"]
[PlyCount "63"]
[EventDate "2020.08.14"]
[EventType "swiss"]
[EventCountry "GER"]
[SourceTitle "playchess.com"]
[Source "ChessBase"]
[SourceQuality "1"]
[TimeControl "40/5400+30:1800+30"]

1. d4 Nf6 2. c4 c5 3. d5 b5 4. cxb5 a6 5. bxa6 g6 6. Nc3 Bxa6 7. Nf3 Bg7 8. g3 d6 9. Bg2 Nbd7 10. O-O O-O 11. Qc2 Qa5 12. Bd2 Rfb8 13. Rfe1 Qb6 14. b3 Qb7 15. e4 Ng4 16. h3 Nge5 17. Nxe5 Nxe5 18. Re3 Qa7 19. f4 Nd3 20. e5 c4 21. bxc4 Bxc4 22. Nd1 Rc8 23. Kh2 dxe5 24. d6 e4 25. Rb1 Bxa2 26. Nc3 Bxb1 27. Qxb1 Bxc3 28. Bxe4 Bxd2 29. Rxd3 Qf2+ 30. Bg2 exd6 31. Qb2 Qa7 32. Re3 0-1

[Event "32nd GER-ch Seniors-65 2020"]
[Site "Magdeburg"]
[Date "2020.08.14"]
[Round "1.8"]
[White "Gruzmann, Boris"]
[Black "Wolter, Guenter"]
[Result "0-1"]
[ECO "B01"]
[WhiteElo "2212"]
[BlackElo "1875"]
[Annotator "ChessBase"]
[PlyCount "96"]
[EventDate "2020.08.14"]
[EventType "swiss"]
[EventCountry "GER"]
[SourceTitle "playchess.com"]
[Source "ChessBase"]
[SourceQuality "1"]
[TimeControl "40/5400+30:1800+30"]

1. e4 d5 2. exd5 Nf6 3. Bb5+ Bd7 4. Bc4 g6 5. Nc3 Bg7 6. d4 O-O 7. h4 h6 8. Bf4 c6 9. dxc6 Nxc6 10. Qd2 h5 11. O-O-O Bf5 12. Nge2 Nb4 13. Bb3 Rc8 14. Ng3 Qd7 15. d5 a5 16. Nxf5 Qxf5 17. a3 Na6 18. Rhe1 Nc5 19. Re5 Nxb3+ 20. cxb3 Qd7 21. d6 e6 22. Rxa5 Nd5 23. Rxd5 exd5 24. Kb1 d4 25. Ne2 Rfe8 26. Qd3 Be5 27. Bxe5 Rxe5 28. Nxd4 Rd5 29. Ka2 Qxd6 30. Nf5 Rxd3 31. Nxd6 Rxd1 32. Nxc8 Rd2 33. a4 Kf8 34. a5 Ke8 35. b4 Kd8 36. Nb6 Rxf2 37. Nc4 Kc7 38. Ne3 Re2 39. Nd5+ Kd6 40. Nc3 Rxg2 41. Kb3 Rg3 42. Ka4 Rxc3 43. bxc3 g5 44. a6 bxa6 45. Ka5 gxh4 46. Kb6 h3 47. c4 h2 48. c5+ Kd7 0-1

[Event "32nd GER-ch Seniors-65 2020"]
[Site "Magdeburg"]
[Date "2020.08.14"]
[Round "1.9"]
[White "Hansch, Klaus-Michael"]
[Black "Szenetra, Werner"]
[Result "0-1"]
[ECO "B06"]
[WhiteElo "1873"]
[BlackElo "2190"]
[Annotator "ChessBase"]
[PlyCount "48"]
[EventDate "2020.08.14"]
[EventType "swiss"]
[EventCountry "GER"]
[SourceTitle "playchess.com"]
[Source "ChessBase"]
[SourceQuality "1"]
[TimeControl "40/5400+30:1800+30"]

1. e4 g6 2. d4 Bg7 3. Nc3 d6 4. Bg5 a6 5. Nf3 b5 6. a3 Bb7 7. Be2 Nd7 8. O-O c5 9. Re1 h6 10. Bf4 cxd4 11. Nd5 e5 12. Bg3 f5 13. Nh4 Bxd5 14. exd5 Ne7 15. f4 e4 16. Bf2 g5 17. Bh5+ Kf8 18. fxg5 hxg5 19. Ng6+ Nxg6 20. Bxg6 Qf6 21. Bh5 e3 22. Bg3 f4 23. Rf1 Qh6 24. Bg4 Nf6 0-1

[Event "32nd GER-ch Seniors-65 2020"]
[Site "Magdeburg"]
[Date "2020.08.14"]
[Round "1.10"]
[White "Willin, Bernhard"]
[Black "Rosen, Willy"]
[Result "0-1"]
[ECO "A40"]
[WhiteElo "1872"]
[BlackElo "2165"]
[Annotator "ChessBase"]
[PlyCount "148"]
[EventDate "2020.08.14"]
[EventType "swiss"]
[EventCountry "GER"]
[SourceTitle "playchess.com"]
[Source "ChessBase"]
[SourceQuality "1"]
[TimeControl "40/5400+30:1800+30"]

1. d4 Nf6 2. c4 e6 3. g3 Bb4+ 4. Bd2 Qe7 5. Bg2 O-O 6. a3 Bxd2+ 7. Qxd2 d6 8. Nc3 e5 9. d5 a5 10. e4 Na6 11. Nf3 Nc5 12. Qc2 a4 13. Nd2 Bd7 14. O-O g6 15. Rfe1 Nh5 16. Rad1 Kh8 17. Ne2 f5 18. Nc1 f4 19. Nd3 Rf7 20. Nxc5 dxc5 21. Nf3 g5 22. Rd2 g4 23. Nh4 Ng7 24. Red1 Ne8 25. Bf1 Nd6 26. Rc1 f3 27. Bd3 Qg5 28. Rdd1 Rf6 29. Qd2 h6 30. Kf1 Ra6 31. Rc2 Qxd2 32. Rdxd2 Be8 33. Rc3 Bg6 34. Nxg6+ Rxg6 35. Kg1 Nf7 36. Bf1 Ng5 37. Re3 Rab6 38. Rc2 h5 39. Rd2 Rb3 40. Rxb3 axb3 41. Bd3 Nf7 42. Rd1 Rb6 43. Rc1 Nd6 44. Rc3 Kg7 45. Rc1 Kf7 46. Kf1 Ke7 47. Ke1 Kd7 48. Kd2 Nf7 49. Ke3 Ng5 50. Rc3 Kc8 51. Rc1 Kb8 52. Rh1 Ra6 53. Rc1 Ka7 54. Rc3 Rb6 55. Bf1 Ka6 56. Bd3 Ka5 57. Bf1 Ka4 58. Bd3 Rh6 59. Rc1 h4 60. Bb1 hxg3 61. fxg3 Rxh2 62. Rf1 Nh3 63. Bd3 Rg2 64. Bb1 Rg1 65. Bd3 Rxf1 66. Bxf1 Ng5 67. Bd3 Nf7 68. Kd2 Nd6 69. Kc3 b6 70. Kd2 b5 71. cxb5 c4 72. Bb1 Nxb5 73. Ke3 c3 74. bxc3 Nxc3 0-1

[Event "32nd GER-ch Seniors-65 2020"]
[Site "Magdeburg"]
[Date "2020.08.15"]
[Round "2.1"]
[White "Walther, Reinhard"]
[Black "Khanukov, Boris"]
[Result "0-1"]
[ECO "A45"]
[WhiteElo "2027"]
[BlackElo "2291"]
[Annotator "ChessBase"]
[PlyCount "86"]
[EventDate "2020.08.14"]
[EventType "swiss"]
[EventCountry "GER"]
[SourceTitle "playchess.com"]
[Source "ChessBase"]
[SourceQuality "1"]
[TimeControl "40/5400+30:1800+30"]

1. d4 Nf6 2. Bg5 c5 3. d5 Qb6 4. Nc3 h6 5. Bd2 d6 6. e4 a6 7. Bc4 Qc7 8. a4 e5 9. Nge2 g6 10. O-O Bg7 11. f4 exf4 12. Bxf4 Nbd7 13. Qd2 Nh5 14. Kh1 Nxf4 15. Nxf4 Ne5 16. Be2 Qe7 17. Rf2 Qg5 18. Raf1 O-O 19. Nd1 Bd7 20. Qa5 Qd8 21. Qxd8 Raxd8 22. b3 b5 23. axb5 axb5 24. Nd3 Ra8 25. Nxe5 Bxe5 26. h3 h5 27. Ne3 Bd4 28. Rf3 Ra2 29. Bd3 Kg7 30. Nd1 f6 31. Nf2 Rc8 32. g4 c4 33. bxc4 bxc4 34. Be2 Rxc2 35. Bd1 Rxf2 36. R3xf2 Bxf2 37. Rxf2 hxg4 38. hxg4 c3 39. Kg2 Bxg4 40. Bc2 f5 41. Kg3 Kf6 42. Kf4 Rh8 43. Ke3 Ke5 0-1

[Event "32nd GER-ch Seniors-65 2020"]
[Site "Magdeburg"]
[Date "2020.08.15"]
[Round "2.8"]
[White "Haase, Wolfgang"]
[Black "Strobel, Walter"]
[Result "1/2-1/2"]
[ECO "B40"]
[WhiteElo "2002"]
[BlackElo "2150"]
[Annotator "ChessBase"]
[PlyCount "40"]
[EventDate "2020.08.14"]
[EventType "swiss"]
[EventCountry "GER"]
[SourceTitle "playchess.com"]
[Source "ChessBase"]
[SourceQuality "1"]
[TimeControl "40/5400+30:1800+30"]

1. e4 c5 2. Nf3 e6 3. d4 cxd4 4. Nxd4 Nf6 5. Nc3 Nc6 6. Be3 Bb4 7. Bd3 e5 8. Nde2 d5 9. exd5 Nxd5 10. Bd2 Bg4 11. O-O O-O 12. Nxd5 Qxd5 13. Bxb4 Nxb4 14. f3 Nxd3 15. Qxd3 Qxd3 16. cxd3 Bf5 17. d4 Bd3 18. Rfe1 exd4 19. Rad1 Bc4 20. b3 Bxe2 1/2-1/2

[Event "32nd GER-ch Seniors-65 2020"]
[Site "Magdeburg"]
[Date "2020.08.15"]
[Round "2.12"]
[White "Seidel, Arnold"]
[Black "Kannenberg, Karl-Heinz"]
[Result "0-1"]
[ECO "D00"]
[WhiteElo "1985"]
[BlackElo "2128"]
[Annotator "ChessBase"]
[PlyCount "30"]
[EventDate "2020.08.14"]
[EventType "swiss"]
[EventCountry "GER"]
[SourceTitle "playchess.com"]
[Source "ChessBase"]
[SourceQuality "1"]
[TimeControl "40/5400+30:1800+30"]

1. d4 d5 2. e3 Nf6 3. c4 c6 4. Nc3 a6 5. Nf3 b5 6. c5 Bg4 7. h3 Bxf3 8. Qxf3 Nbd7 9. Bd2 e5 10. Qg3 b4 11. Na4 Ne4 12. Qf3 Nxd2 13. Kxd2 Be7 14. b3 Bf6 15. Kd3 e4+ 0-1

[Event "32nd GER-ch Seniors-65 2020"]
[Site "Magdeburg"]
[Date "2020.08.16"]
[Round "3.1"]
[White "Khanukov, Boris"]
[Black "Zunker, Reinhard"]
[Result "1-0"]
[ECO "E91"]
[WhiteElo "2291"]
[BlackElo "2067"]
[Annotator "ChessBase"]
[PlyCount "65"]
[EventDate "2020.08.14"]
[EventType "swiss"]
[EventCountry "GER"]
[SourceTitle "playchess.com"]
[Source "ChessBase"]
[SourceQuality "1"]
[TimeControl "40/5400+30:1800+30"]

1. d4 Nf6 2. Nf3 d6 3. c4 g6 4. Nc3 Bg7 5. e4 O-O 6. Be2 c5 7. d5 e5 8. O-O Na6 9. Ne1 Nc7 10. a3 a6 11. b4 b6 12. Rb1 cxb4 13. axb4 a5 14. bxa5 bxa5 15. Ba3 Na6 16. Nd3 Ne8 17. c5 dxc5 18. Nxc5 Nd6 19. Nxa6 Bxa6 20. Bxa6 Rxa6 21. Qd3 Qa8 22. Nb5 Nxb5 23. Bxf8 Bxf8 24. Rxb5 a4 25. Ra1 a3 26. Ra2 Ra4 27. h4 Qa6 28. Rb3 Qxd3 29. Rxd3 Rxe4 30. d6 Rd4 31. Rxd4 exd4 32. d7 Be7 33. Rxa3 1-0

[Event "32nd GER-ch Seniors-65 2020"]
[Site "Magdeburg"]
[Date "2020.08.16"]
[Round "3.2"]
[White "Bogorad, Michail"]
[Black "Buchal, Stephan"]
[Result "1-0"]
[ECO "B07"]
[WhiteElo "2064"]
[BlackElo "2280"]
[Annotator "ChessBase"]
[PlyCount "66"]
[EventDate "2020.08.14"]
[EventType "swiss"]
[EventCountry "GER"]
[SourceTitle "playchess.com"]
[Source "ChessBase"]
[SourceQuality "1"]
[TimeControl "40/5400+30:1800+30"]

1. e4 d6 2. d4 Nf6 3. Nc3 g6 4. Be2 Bg7 5. Be3 O-O 6. g4 c5 7. g5 Ng4 8. Bxg4 Bxg4 9. f3 cxd4 10. Bxd4 e5 11. Be3 Be6 12. h4 Nc6 13. h5 Nd4 14. Qd2 Qb6 15. O-O-O Rfc8 16. h6 Bh8 17. Nge2 Nxe2+ 18. Qxe2 Qa5 19. Qb5 Qd8 20. Qxb7 Rab8 21. Qa6 Qc7 22. Rxd6 Rxb2 23. Rc6 Qxc6 24. Qxc6 Rxc2+ 25. Kxc2 Rxc6 26. Bxa7 f6 27. Be3 Bxa2 28. Rd1 Rc8 29. Rd7 Be6 30. Re7 Bf7 31. Rb7 Kf8 32. Kb2 Rd8 33. Nb5 Rd3 1-0

[Event "32nd GER-ch Seniors-65 2020"]
[Site "Magdeburg"]
[Date "2020.08.16"]
[Round "3.6"]
[White "Kannenberg, Karl-Heinz"]
[Black "Andersen, Knut"]
[Result "0-1"]
[ECO "B23"]
[WhiteElo "2128"]
[BlackElo "2047"]
[Annotator "ChessBase"]
[PlyCount "68"]
[EventDate "2020.08.14"]
[EventType "swiss"]
[EventCountry "GER"]
[SourceTitle "playchess.com"]
[Source "ChessBase"]
[SourceQuality "1"]
[TimeControl "40/5400+30:1800+30"]

1. e4 c5 2. Nc3 Nc6 3. f4 g6 4. Nf3 Bg7 5. Bb5 Nd4 6. O-O a6 7. Bd3 d6 8. Nxd4 cxd4 9. Ne2 Nf6 10. b3 O-O 11. Bb2 e5 12. Ng3 b5 13. Qe2 Bb7 14. fxe5 dxe5 15. Ba3 Re8 16. c4 dxc3 17. dxc3 Qb6+ 18. Kh1 h5 19. Rf3 h4 20. Nf1 Bc8 21. Ne3 Be6 22. Qf2 Rad8 23. Rd1 h3 24. g4 Bh6 25. Bc1 Nxe4 26. Qf1 Qc6 27. Kg1 Nxc3 28. Rxh3 Bxe3+ 29. Bxe3 Bxg4 30. Rd2 Bxh3 31. Qxh3 e4 32. Bf1 Rxd2 33. Bxd2 Nd1 34. Be2 Qc5+ 0-1

[Event "32nd GER-ch Seniors-65 2020"]
[Site "Magdeburg"]
[Date "2020.08.16"]
[Round "3.7"]
[White "Krueger, Erich"]
[Black "Cichy, Michael"]
[Result "1-0"]
[ECO "E21"]
[WhiteElo "2102"]
[BlackElo "2038"]
[Annotator "ChessBase"]
[PlyCount "53"]
[EventDate "2020.08.14"]
[EventType "swiss"]
[EventCountry "GER"]
[SourceTitle "playchess.com"]
[Source "ChessBase"]
[SourceQuality "1"]
[TimeControl "40/5400+30:1800+30"]

1. d4 Nf6 2. c4 e6 3. Nc3 Bb4 4. Nf3 b6 5. Bg5 h6 6. Bh4 g5 7. Bg3 Ne4 8. Qc2 Bb7 9. e3 f5 10. O-O-O Bxc3 11. bxc3 d6 12. Nd2 Nd7 13. Nxe4 Bxe4 14. Qa4 O-O 15. f3 Bb7 16. h4 f4 17. Qc2 Qe7 18. Bf2 Rf7 19. Qg6+ Rg7 20. Qxh6 g4 21. fxg4 Rxg4 22. exf4 Nf6 23. Bd3 Bxg2 24. Rhg1 d5 25. Be3 Bh3 26. Bf5 Rxg1 27. Rxg1+ 1-0

[Event "32nd GER-ch Seniors-65 2020"]
[Site "Magdeburg"]
[Date "2020.08.16"]
[Round "3.8"]
[White "Kierzek, Mira"]
[Black "Zimmermann, Rolf"]
[Result "1/2-1/2"]
[ECO "D02"]
[WhiteElo "2001"]
[BlackElo "2101"]
[Annotator "ChessBase"]
[PlyCount "49"]
[EventDate "2020.08.14"]
[EventType "swiss"]
[EventCountry "GER"]
[SourceTitle "playchess.com"]
[Source "ChessBase"]
[SourceQuality "1"]
[TimeControl "40/5400+30:1800+30"]

1. Nf3 d5 2. d4 Nf6 3. g3 e6 4. Bg2 c5 5. O-O Nc6 6. a3 Bd7 7. dxc5 Bxc5 8. b4 Bd6 9. c4 Ne5 10. cxd5 exd5 11. Bb2 Qe7 12. Nbd2 O-O 13. Re1 a5 14. bxa5 Rxa5 15. e4 dxe4 16. Nxe4 Nxf3+ 17. Bxf3 Nxe4 18. Bxe4 Be6 19. Qd2 Rfa8 20. Qd4 Qf8 21. Bxb7 R8a7 22. Be4 Bxa3 23. Bxa3 Rxa3 24. Rxa3 Rxa3 25. Rd1 1/2-1/2

[Event "32nd GER-ch Seniors-65 2020"]
[Site "Magdeburg"]
[Date "2020.08.16"]
[Round "3.9"]
[White "Lorenz, Dietmar"]
[Black "Waagener, Ulrich"]
[Result "0-1"]
[ECO "A09"]
[WhiteElo "2001"]
[BlackElo "2081"]
[Annotator "NA"]
[PlyCount "108"]
[EventDate "2020.08.14"]
[EventType "swiss"]
[EventCountry "GER"]
[SourceTitle "playchess.com"]
[Source "ChessBase"]
[SourceQuality "1"]
[TimeControl "40/5400+30:1800+30"]

1. Nf3 d5 2. c4 dxc4 3. e3 Be6 4. Na3 Nf6 5. Nxc4 g6 6. d4 Bg7 {[%emt 0:01:12] A09: Réti Opening: 1 Nf3 d5 2 c4.} 7. Bd3 O-O 8. O-O c5 {[%emt 0:05:58] [#]} 9. Qc2 $146 ({Predecessor:} 9. dxc5 Nc6 10. Nce5 Nxe5 11. Nxe5 Qd5 12. Nf3 Qxc5 13. Nd4 {0-1 (23) Greet,A (2449)-Dearing,E (2411) England 2012}) 9... Nc6 10. Nce5 $1 cxd4 11. Nxc6 bxc6 12. Nxd4 Bd5 13. Ne2 Qd7 14. e4 Be6 15. Rd1 Qb7 16. Bd2 (16. Nf4 $14) 16... Rfd8 17. Bc3 Nh5 18. Bxg7 Nxg7 19. b3 Qb6 20. h3 Rd7 21. Rac1 Rad8 22. Kf1 Nh5 23. Qc3 Qc7 24. Bc2 c5 25. Rxd7 Rxd7 26. Rd1 Rxd1+ 27. Bxd1 f6 28. Kg1 Kf7 29. Qc2 Qa5 30. Kf1 Qb4 31. g4 Ng7 32. Nf4 g5 33. Nxe6 Nxe6 34. e5 Qd4 35. Qxh7+ Ke8 36. Bf3 (36. Bc2 $11) 36... Qa1+ 37. Kg2 Nf4+ 38. Kh2 Qxa2 39. Kg3 {[%emt 0:05:18] [#]} Qxb3 $2 (39... Qa1 $1 $17 40. Qh8+ Kd7) 40. exf6 exf6 41. Qh8+ Ke7 42. Qh7+ Qf7 43. Qe4+ Kf8 44. h4 Qc7 45. hxg5 Ne6+ 46. Kg2 Nxg5 47. Qf5 (47. Qa8+ $1 $11 Ke7 48. Qg8) 47... Ke7 48. Bd5 Qe5 49. Qxe5+ fxe5 50. Kg3 $15 Kd6 51. f4 exf4+ 52. Kxf4 Kxd5 53. Kxg5 c4 54. Kf4 Kd4 0-1

[Event "32nd GER-ch Seniors-65 2020"]
[Site "Magdeburg"]
[Date "2020.08.16"]
[Round "3.10"]
[White "Pfitzer, Norbert"]
[Black "Braeunlin, Herbert"]
[Result "1-0"]
[ECO "A41"]
[WhiteElo "2068"]
[BlackElo "2031"]
[Annotator "ChessBase"]
[PlyCount "39"]
[EventDate "2020.08.14"]
[EventType "swiss"]
[EventCountry "GER"]
[SourceTitle "playchess.com"]
[Source "ChessBase"]
[SourceQuality "1"]
[TimeControl "40/5400+30:1800+30"]

1. Nf3 d6 2. d4 Bg4 3. Nbd2 c6 4. h3 Bh5 5. g4 Bg6 6. Nh4 e5 7. Nxg6 hxg6 8. dxe5 dxe5 9. Bg2 f5 10. Nf3 Nd7 11. c3 Bc5 12. Qb3 Ngf6 13. Ng5 Qe7 14. Qxb7 O-O 15. Qxc6 Rae8 16. gxf5 gxf5 17. b4 Bb6 18. Qc4+ Kh8 19. Qh4+ Kg8 20. Bd5+ 1-0

[Event "32nd GER-ch Seniors-65 2020"]
[Site "Magdeburg"]
[Date "2020.08.16"]
[Round "3.11"]
[White "Postler, Reinhard"]
[Black "Harringer, Manfred"]
[Result "0-1"]
[ECO "C88"]
[WhiteElo "2238"]
[BlackElo "2008"]
[Annotator "ChessBase"]
[PlyCount "84"]
[EventDate "2020.08.14"]
[EventType "swiss"]
[EventCountry "GER"]
[SourceTitle "playchess.com"]
[Source "ChessBase"]
[SourceQuality "1"]
[TimeControl "40/5400+30:1800+30"]

1. e4 e5 2. Nf3 Nc6 3. Bb5 a6 4. Ba4 Nf6 5. O-O Be7 6. Re1 b5 7. Bb3 O-O 8. a4 Bb7 9. d3 d6 10. Bd2 Nb8 11. axb5 axb5 12. Rxa8 Bxa8 13. Nc3 Bc6 14. d4 b4 15. Nd5 Bxd5 16. exd5 exd4 17. Nxd4 Nfd7 18. Bxb4 Ne5 19. g3 Bf6 20. Bc3 Qc8 21. f4 Ned7 22. Nc6 Qb7 23. Bxf6 Nxf6 24. Qf3 Nbd7 25. Kg2 Nc5 26. Re3 h6 27. g4 Re8 28. g5 Rxe3 29. Qxe3 hxg5 30. fxg5 Nfe4 31. h4 g6 32. h5 gxh5 33. Qf4 Qb5 34. Nd4 Qa5 35. c3 Qa1 36. Bc4 Qxb2+ 37. Be2 Nxc3 38. g6 fxg6 39. Qf6 Nxe2 40. Qxg6+ Kh8 41. Qh6+ Kg8 42. Qg6+ Kh8 0-1

[Event "32nd GER-ch Seniors-65 2020"]
[Site "Magdeburg"]
[Date "2020.08.17"]
[Round "4.1"]
[White "Waagener, Ulrich"]
[Black "Khanukov, Boris"]
[Result "1/2-1/2"]
[ECO "C45"]
[WhiteElo "2081"]
[BlackElo "2291"]
[Annotator "ChessBase"]
[PlyCount "108"]
[EventDate "2020.08.14"]
[EventType "swiss"]
[EventCountry "GER"]
[SourceTitle "playchess.com"]
[Source "ChessBase"]
[SourceQuality "1"]
[TimeControl "40/5400+30:1800+30"]

1. e4 e5 2. Nf3 Nc6 3. d4 exd4 4. Nxd4 Nf6 5. Nxc6 bxc6 6. Nd2 d5 7. exd5 cxd5 8. Bb5+ Bd7 9. Bxd7+ Qxd7 10. O-O Be7 11. Nf3 O-O 12. b3 Ne4 13. Bb2 Bf6 14. Bxf6 Nxf6 15. Qd4 Qd6 16. Rfe1 c5 17. Qd3 Rfe8 18. g3 h6 19. Rad1 Rad8 20. Kg2 Qc7 21. Qb5 Qb6 22. Rxe8+ Rxe8 23. Qxb6 axb6 24. a4 Kf8 25. Nd2 Ke7 26. Kf3 Kd6 27. Nc4+ Kc6 28. Ne3 g6 29. h4 d4 30. Nc4 Nd5 31. Rh1 Nb4 32. Na3 h5 33. Rd1 Re6 34. Rc1 Na2 35. Rd1 Nc3 36. Rd2 Re1 37. Nc4 f6 38. Nb2 g5 39. hxg5 fxg5 40. Nd3 Re6 41. Kg2 g4 42. f4 gxf3+ 43. Kxf3 Re3+ 44. Kf4 Ne2+ 45. Kg5 Nxg3 46. Rg2 Kd5 47. Kh4 Ne4 48. Rg6 c4 49. bxc4+ Kxc4 50. Rxb6 Re2 51. Rc6+ Kd5 52. Nf4+ Kxc6 53. Nxe2 Kc5 54. Kxh5 Kd5 1/2-1/2

[Event "32nd GER-ch Seniors-65 2020"]
[Site "Magdeburg"]
[Date "2020.08.17"]
[Round "4.2"]
[White "Dresen, Ulrich"]
[Black "Pfitzer, Norbert"]
[Result "1-0"]
[ECO "A48"]
[WhiteElo "2230"]
[BlackElo "2068"]
[Annotator "ChessBase"]
[PlyCount "93"]
[EventDate "2020.08.14"]
[EventType "swiss"]
[EventCountry "GER"]
[SourceTitle "playchess.com"]
[Source "ChessBase"]
[SourceQuality "1"]
[TimeControl "40/5400+30:1800+30"]

1. d4 Nf6 2. Nf3 g6 3. c4 Bg7 4. Nc3 O-O 5. e4 d6 6. h3 c5 7. d5 e6 8. Bd3 exd5 9. cxd5 Nfd7 10. Bf4 Ne5 11. Nxe5 Bxe5 12. Bxe5 dxe5 13. O-O Qg5 14. Qc1 Qxc1 15. Rfxc1 Nd7 16. a4 a5 17. Bb5 Nf6 18. f3 Nh5 19. Nd1 b6 20. Ne3 Rb8 21. Nc4 f6 22. Ra3 Rd8 23. Rb3 Nf4 24. Rc2 Kf8 25. h4 h6 26. g3 Nh5 27. Kg2 g5 28. hxg5 hxg5 29. Rf2 Ke7 30. Rd3 Kf7 31. Rd1 Kg6 32. Rg1 Kf7 33. Kf1 Bd7 34. Rh2 Bxb5 35. axb5 Ng7 36. Ke2 Rg8 37. Rgh1 Ne8 38. Rh7+ Rg7 39. Rh8 Rb7 40. Rxe8 Kxe8 41. Nd6+ Kd7 42. Nxb7 Kc7 43. Nxc5 bxc5 44. Rh6 Rf7 45. Kd3 f5 46. Rc6+ Kb7 47. d6 1-0

[Event "32nd GER-ch Seniors-65 2020"]
[Site "Magdeburg"]
[Date "2020.08.17"]
[Round "4.3"]
[White "Syre, Christian"]
[Black "Bogorad, Michail"]
[Result "1-0"]
[ECO "A30"]
[WhiteElo "2222"]
[BlackElo "2064"]
[Annotator "ChessBase"]
[PlyCount "85"]
[EventDate "2020.08.14"]
[EventType "swiss"]
[EventCountry "GER"]
[SourceTitle "playchess.com"]
[Source "ChessBase"]
[SourceQuality "1"]
[TimeControl "40/5400+30:1800+30"]

1. c4 c5 2. b3 Nf6 3. Bb2 d6 4. g3 Bd7 5. Bg2 Bc6 6. Nf3 e5 7. Nc3 g6 8. O-O Bg7 9. e3 O-O 10. d4 exd4 11. exd4 cxd4 12. Ne2 d5 13. c5 Qa5 14. Bxd4 Nbd7 15. a3 Rfe8 16. b4 Qa6 17. Nc3 Qc4 18. Rc1 Qa6 19. a4 Ne4 20. b5 Nxc3 21. Bxc3 Bxb5 22. axb5 Qxb5 23. Bxg7 Kxg7 24. Nd4 Qa5 25. Bxd5 Nxc5 26. Nf5+ gxf5 27. Qd4+ Kg6 28. Rxc5 Qd8 29. Bxf7+ Kxf7 30. Rxf5+ Kg8 31. Qg4+ Kh8 32. Rf7 Rg8 33. Qh5 Rg7 34. Rxg7 Kxg7 35. Rd1 Qe7 36. Qg4+ Kh8 37. Rd7 Qe1+ 38. Kg2 Qe5 39. Qh4 Qf5 40. Qc4 h5 41. Qh4 Qe5 42. Qc4 Rf8 43. Qc2 1-0

[Event "32nd GER-ch Seniors-65 2020"]
[Site "Magdeburg"]
[Date "2020.08.17"]
[Round "4.6"]
[White "Zimmermann, Rolf"]
[Black "Kierzek, Matthias"]
[Result "0-1"]
[ECO "A21"]
[WhiteElo "2101"]
[BlackElo "2228"]
[Annotator "ChessBase"]
[PlyCount "88"]
[EventDate "2020.08.14"]
[EventType "swiss"]
[EventCountry "GER"]
[SourceTitle "playchess.com"]
[Source "ChessBase"]
[SourceQuality "1"]
[TimeControl "40/5400+30:1800+30"]

1. c4 e5 2. Nc3 Bb4 3. g3 Bxc3 4. dxc3 d6 5. Bg2 Nc6 6. c5 dxc5 7. Bxc6+ bxc6 8. Qxd8+ Kxd8 9. c4 Be6 10. b3 Nf6 11. Nf3 Nd7 12. Ng5 Ke7 13. Nxe6 Kxe6 14. e4 a5 15. Be3 a4 16. Kd2 Ra6 17. Kc2 Rha8 18. Rab1 axb3+ 19. axb3 Ra2+ 20. Rb2 Ra1 21. Rxa1 Rxa1 22. Rb1 Rxb1 23. Kxb1 f5 24. exf5+ Kxf5 25. f3 e4 26. g4+ Ke6 27. f4 h5 28. f5+ Ke5 29. gxh5 Kxf5 30. h3 Nf8 31. Bxc5 Ne6 32. Be3 Nf4 33. h6 gxh6 34. Kc2 h5 35. h4 Kg4 36. Kd2 Kf3 37. b4 Ng2 38. Bg5 e3+ 39. Kd3 e2 40. Bd2 e1=Q 41. Bxe1 Nxe1+ 42. Kd4 Kg4 43. Kc5 Nd3+ 44. Kxc6 Nxb4+ 0-1